 Dungeon Crawl Stone Soup version 0.13.0-13-g27bfa31 (webtiles) character file.

202 Impy the Gusty (level 4, -3/30 HPs)
             Began as a Demonspawn Air Elementalist on Oct 19, 2013.
             Was an Initiate of Sif Muna.
             Killed by nerve-wracking pain
             ... invoked by Grinder
              (8 damage)
             ... on Level 3 of the Dungeon.
             The game lasted 00:10:38 (1610 turns).

Impy the Gusty (Demonspawn Air Elementalist)        Turns: 1610, Time: 00:10:39

HP  -3/30        AC  6     Str  8      XL: 4   Next: 44%
MP   1/8         EV 12     Int 19      God: Sif Muna [......]
Gold 104         SH  0     Dex 14      Spells:  2 memorised,  4 levels left

Res.Fire  : . . .   See Invis. : .   (no weapon)
Res.Cold  : . . .   Warding    : .   a - +0 robe
Life Prot.: . . .   Conserve   : .   (no shield)
Res.Poison: .       Res.Corr.  : .   d - +0 orc helmet
Res.Elec. : .       Clarity    : .   e - +2 dwarf cloak
Sust.Abil.: . .     Spirit.Shd : .   (no gloves)
Res.Mut.  : .       Stasis     : .   (no boots)
Res.Rott. : .       Flight     : .   (no amulet)
Saprovore : . . .                    (no ring)
                                     h - +2 ring of intelligence

@: very slightly contaminated, hasted, very quick, slightly resistant to hostile
enchantments, fairly stealthy
A: talons 1, conserve scrolls, spiny 1
a: Renounce Religion


You were on level 3 of the Dungeon.
You worshipped Sif Muna.
Sif Muna was noncommittal.
You were hungry.

You visited 1 branch of the dungeon, and saw 3 of its levels.

You collected 84 gold pieces.

Inventory:

Armour
 a - a +0 robe (worn)
 d - a +0 orcish helmet (worn)
 e - a +2 dwarven cloak (worn)
 m - a +2 buckler
Comestibles
 c - a bread ration
 f - a pear
 g - a lemon
 j - 2 apples
 r - a choko
Scrolls
 o - a scroll of remove curse {unknown}
Jewellery
 h - a +2 ring of intelligence (left hand)
 k - an uncursed ring of fire
 n - an uncursed ring of fire
Books
 b - a book of Air

   Spells                             Type                      Level
   *Shock                             Conjuration/Air              1
   *Swiftness                         Charms/Air                   2
   Repel Missiles                     Charms/Air                   2
   Flight                             Charms/Air                   3
   Static Discharge                   Conjuration/Air              3
   Lightning Bolt                     Conjuration/Air              5


   Skills:
 - Level 1.7 Dodging
 - Level 1.7 Stealth
 + Level 2.4 Spellcasting
 + Level 2.5 Conjurations
 + Level 3.4 Air Magic


You had 4 spell levels left.
You knew the following spells:

 Your Spells              Type           Power        Failure   Level  Hunger
a - Shock                 Conj/Air       ##..         6%          1    #......
b - Swiftness             Chrm/Air       #.........   14%         2    ##.....


Dungeon Overview and Level Annotations

Branches:
Dungeon (3/27)

Altars:
Fedhas
Sif Muna

Annotations:
D:3 Grinder


Innate Abilities, Weirdness & Mutations

You have sharp toenails.
You are very good at protecting items from fire.
You are partially covered in sharp spines.


Message History

Grinder says, "Don't move a muscle."
Grinder gestures at you. Pain shoots through your body!
* * * LOW HITPOINT WARNING * * *
Casting: Shock
Confirm with . or Enter, or press ? or * to list all spells.
Aiming: Shock
Press: ? - help, Shift-Dir - straight line, f - Grinder
Aim: Grinder (heavily wounded)
The zap hits Grinder.
Grinder is severely wounded.
Grinder gestures.
Grinder blinks!
Drink which item? (? for menu, Esc to quit)
You feel refreshed.
It was a potion of restore abilities.
Drink which item? (? for menu, Esc to quit)
You feel yourself speed up.
It was a potion of speed.
Grinder gestures at you. Pain shoots through your body!
You die...

#......#
#......#
#......#
#%.....#
#..(...#
#5.!...#
#.######
##########.#
#.5..@....)#
#.##########


You could see Grinder.

Vanquished Creatures
  Jessica (D:3)
  A gnoll (D:1)
  2 adders (D:2)
  3 giant geckos
  8 bats
  4 giant cockroaches
  6 hobgoblins
  6 jackals (D:2)
  A quokka (D:2)
  2 ball pythons
  5 giant newts
  2 goblins (D:1)
  3 kobolds
  7 rats
51 creatures vanquished.

Notes
Turn   | Place    | Note
--------------------------------------------------------------
     0 | D:1      | Impy, the Demonspawn Air Elementalist, began the quest for the Orb.
     0 | D:1      | Reached XP level 1. HP: 13/13 MP: 3/3
   170 | D:1      | Gained mutation: You are partially covered in sharp spines. [demonic ancestry]
   170 | D:1      | Reached XP level 2. HP: 11/19 MP: 0/4
   218 | D:1      | Learned a level 2 spell: Swiftness
   345 | D:1      | Reached skill level 3 in Air Magic
   646 | D:1      | Gained mutation: You are very good at protecting items from fire. [demonic ancestry]
   646 | D:1      | Reached XP level 3. HP: 24/24 MP: 3/6
  1058 | D:2      | Gained mutation: You have sharp toenails. [demonic ancestry]
  1058 | D:2      | Reached XP level 4. HP: 27/30 MP: 0/8
  1209 | D:2      | Found a blossoming altar of Fedhas.
  1277 | D:2      | Found a deep blue altar of Sif Muna.
  1280 | D:2      | Became a worshipper of Sif Muna the Loreminder
  1583 | D:3      | Noticed Jessica
  1583 | D:3      | Noticed Grinder
  1585 | D:3      | Paralysed by Grinder for 7 turns
  1606 | D:3      | Killed Jessica
  1610 | D:3      | Killed from afar by Grinder

Action                   |  1- 3 |  4- 6 || total
-------------------------+-------+-------++-------
Melee: Unarmed           |    56 |    21 ||    77
 Cast: Shock             |    44 |    12 ||    56
  Use: Scroll            |     4 |     1 ||     5
       Potion            |       |     2 ||     2
